AAA
WINSTON-SALEM WARTHOGS @ ANNAPOLIS ADMIRALS
07/23/2059
 
TOP OF THE 1ST
Winston-Salem Warthogs batting - Pitching for Annapolis Admirals : LHP Max Richardson
Pitching: LHP Max Richardson
Batting: RHB Bryson Brinn 0-0: Called Strike
0-1: Ball
1-1: Swinging Strike
1-2: Foul Ball, location: 2F
1-2: Ground out 4-3 (Groundball, 4, EV 103.8 MPH)
Batting: RHB Allen Stoll 0-0: Called Strike
0-1: Swinging Strike
0-2: Strikes out looking
Batting: RHB Kyle Patri 0-0: Ball
1-0: Ball
2-0: Ball
3-0: Called Strike
3-1: Foul Ball, location: 2F
3-2: Base on Balls
Batting: LHB Sherman Primes 0-0: Ball
1-0: Ball
2-0: Foul Ball, location: 2F
2-1: Ground out 4-3 (Groundball, 4, EV 78.1 MPH)
Top of the 1st over - 0 runs, 0 hits, 0 errors, 1 left on base; Winston-Salem 0 - Annapolis 0
BOTTOM OF THE 1ST
Annapolis Admirals batting - Pitching for Winston-Salem Warthogs : RHP Branden Brant
Pitching: RHP Branden Brant
Batting: SHB Ulisses Schnopp 0-0: Ball
1-0: Called Strike
1-1: Foul Ball, location: 2F
1-2: Ball
2-2: Fly out, F8 (Flyball, 8LD, EV 105.6 MPH)
Batting: RHB Trey Densmore 0-0: Called Strike
0-1: Foul Ball, location: 2F
0-2: Ball
1-2: Strikes out swinging
Batting: RHB Damian Youngs 0-0: Foul Ball, location: 2F
0-1: Ball
1-1: SOLO HOME RUN (Flyball, 7D, EV 96.2 MPH), Distance : 382 ft
Batting: RHB Freddy Mikulski 0-0: SINGLE (Line Drive, 89M, EV 96.9 MPH)
Batting: RHB Neil Shoemaker 0-0: Foul Ball, location: 2F
0-1: Called Strike
0-2: Foul Ball, location: 2F
0-2: Foul Ball, location: 2F
0-2: Foul Ball, location: 2F
0-2: Foul Ball, location: 2F
0-2: 2-RUN HOME RUN (Flyball, 7LD, EV 93.8 MPH), Distance : 357 ft
Batting: RHB Sonny Zidane 0-0: Swinging Strike
0-1: Ball
1-1: Foul Ball, location: 2F
1-2: Strikes out looking
Bottom of the 1st over - 3 runs, 3 hits, 0 errors, 0 left on base; Winston-Salem 0 - Annapolis 3
TOP OF THE 2ND
Winston-Salem Warthogs batting - Pitching for Annapolis Admirals : LHP Max Richardson
Batting: SHB Shaunte Panteleo 0-0: Called Strike
0-1: Ball
1-1: Ground out U3 (Groundball, 34, EV 87.5 MPH)
Batting: LHB Lewis O'Connor 0-0: Ball
1-0: Called Strike
1-1: Ball
2-1: Swinging Strike
2-2: Foul Ball, location: 2F
2-2: Strikes out swinging
Batting: LHB George Tijhuis 0-0: Ball
1-0: Ball
2-0: Ball
3-0: Called Strike
3-1: Fly out, F7 (Line Drive, 78D, EV 101.2 MPH)
Top of the 2nd over - 0 runs, 0 hits, 0 errors, 0 left on base; Winston-Salem 0 - Annapolis 3
BOTTOM OF THE 2ND
Annapolis Admirals batting - Pitching for Winston-Salem Warthogs : RHP Branden Brant
Batting: LHB Charlie Estes 0-0: Ball
1-0: Foul Ball, location: 2F
1-1: Ball
2-1: Swinging Strike
2-2: Strikes out swinging
Batting: RHB Owen Orth 0-0: Ball
1-0: Called Strike
1-1: Swinging Strike
1-2: Strikes out swinging
Batting: RHB Antonio Boyle 0-0: Ball
1-0: Fly out, F7 (Flyball, 7S, EV 84.4 MPH)
Bottom of the 2nd over - 0 runs, 0 hits, 0 errors, 0 left on base; Winston-Salem 0 - Annapolis 3
TOP OF THE 3RD
Winston-Salem Warthogs batting - Pitching for Annapolis Admirals : LHP Max Richardson
Batting: RHB Devon Abrams 0-0: Ball
1-0: Swinging Strike
1-1: Foul Ball, location: 2F
1-2: Foul Ball, location: 2F
1-2: Foul Ball, location: 2F
1-2: Ball
2-2: Ground out 5-3 (Groundball, 56, EV 85.6 MPH)
Batting: RHB Todd Abarca 0-0: Called Strike
0-1: Ball
1-1: Ball
2-1: Swinging Strike
2-2: Foul Ball, location: 2F
2-2: Foul Ball, location: 2F
2-2: Strikes out swinging
Batting: RHB Bryson Brinn 0-0: Called Strike
0-1: Ball
1-1: Called Strike
1-2: Ball
2-2: Ground out 6-3 (Groundball, 6, EV 98.8 MPH)
Top of the 3rd over - 0 runs, 0 hits, 0 errors, 0 left on base; Winston-Salem 0 - Annapolis 3
BOTTOM OF THE 3RD
Annapolis Admirals batting - Pitching for Winston-Salem Warthogs : RHP Branden Brant
Batting: SHB Ulisses Schnopp 0-0: Ball
1-0: Fly out, F9 (Flyball, 89S, EV 91.9 MPH)
Batting: RHB Trey Densmore 0-0: Ball
1-0: Ball
2-0: Called Strike
2-1: Called Strike
2-2: Foul Ball, location: 2F
2-2: Ball
3-2: Ground out 5-3 (Groundball, 5L, EV 84.4 MPH)
Batting: RHB Damian Youngs 0-0: Ball
1-0: Ball
2-0: Ball
3-0: Called Strike
3-1: Foul Ball, location: 2F
3-2: Base on Balls
Batting: RHB Freddy Mikulski 0-0: Called Strike
0-1: Ground out 4-3 (Groundball, 4, EV 78.8 MPH)
Bottom of the 3rd over - 0 runs, 0 hits, 0 errors, 1 left on base; Winston-Salem 0 - Annapolis 3
TOP OF THE 4TH
Winston-Salem Warthogs batting - Pitching for Annapolis Admirals : LHP Max Richardson
Batting: RHB Allen Stoll 0-0: Ball
1-0: Ball
2-0: Swinging Strike
2-1: Swinging Strike
2-2: Ground out 6-3 (Groundball, 6, EV 102.5 MPH)
Batting: RHB Kyle Patri 0-0: Ball
1-0: Foul Ball, location: 2F
1-1: Ground out 6-3 (Groundball, 6, EV 80.0 MPH)
Batting: LHB Sherman Primes 0-0: Ball
1-0: Ball
2-0: Foul Ball, location: 2F
2-1: Fly out, F5 (Popup, 56S, EV 81.9 MPH)
Top of the 4th over - 0 runs, 0 hits, 0 errors, 0 left on base; Winston-Salem 0 - Annapolis 3
BOTTOM OF THE 4TH
Annapolis Admirals batting - Pitching for Winston-Salem Warthogs : RHP Branden Brant
Batting: RHB Neil Shoemaker 0-0: Ground out 4-3 (Groundball, 4, EV 78.1 MPH)
Batting: RHB Sonny Zidane 0-0: Called Strike
0-1: Called Strike
0-2: Ball
1-2: Strikes out looking and he ARGUES THE CALL AND IS TOSSED!
Batting: LHB Charlie Estes 0-0: Ball
1-0: Ball
2-0: SINGLE (Groundball, 34D, EV 99.4 MPH) (infield hit)
Batting: RHB Owen Orth 0-0: Called Strike
0-1: Ball
1-1: Fly out, F9 (Flyball, 9D, EV 85.6 MPH)
Bottom of the 4th over - 0 runs, 1 hit, 0 errors, 1 left on base; Winston-Salem 0 - Annapolis 3
TOP OF THE 5TH
Winston-Salem Warthogs batting - Pitching for Annapolis Admirals : LHP Max Richardson
Now at 1B: Mason Severance
Batting: SHB Shaunte Panteleo 0-0: Called Strike
0-1: Ball
1-1: Ball
2-1: Foul Ball, location: 2F
2-2: SINGLE (Groundball, 6MD, EV 95.0 MPH)
Batting: LHB Lewis O'Connor 0-0: Ball
1-0: Called Strike
1-1: Foul Ball, location: 2F
1-2: Foul Ball, location: 2F
1-2: Strikes out swinging
Batting: LHB George Tijhuis 0-0: Called Strike
0-1: Called Strike
0-2: Ground out 6-3 (Groundball, 6MS, EV 71.2 MPH)
Shaunte Panteleo to second
Batting: RHB Devon Abrams 0-0: Foul Ball, location: 2F
0-1: Swinging Strike
0-2: Ground out 4-3 (Groundball, 34, EV 105.0 MPH)
Top of the 5th over - 0 runs, 1 hit, 0 errors, 1 left on base; Winston-Salem 0 - Annapolis 3
BOTTOM OF THE 5TH
Annapolis Admirals batting - Pitching for Winston-Salem Warthogs : RHP Branden Brant
Batting: RHB Antonio Boyle 0-0: Foul Ball, location: 2F
0-1: Foul Ball, location: 2F
0-2: Ball
1-2: Strikes out looking
Batting: SHB Ulisses Schnopp 0-0: Ball
1-0: Called Strike
1-1: Ball
2-1: Swinging Strike
2-2: Strikes out swinging
Batting: RHB Trey Densmore 0-0: DOUBLE (Line Drive, 9LM, EV 112.5 MPH)
Pinch Runner at 2nd Nicolas Sexton:
Batting: RHB Damian Youngs 0-0: Fly out, F2 (Popup, 23F, EV 87.5 MPH)
Bottom of the 5th over - 0 runs, 1 hit, 0 errors, 1 left on base; Winston-Salem 0 - Annapolis 3
TOP OF THE 6TH
Winston-Salem Warthogs batting - Pitching for Annapolis Admirals : LHP Max Richardson
Now at 2B: De'Mon Ferguson
Batting: RHB Todd Abarca 0-0: Called Strike
0-1: Ground out 5-3 (Groundball, 56, EV 78.8 MPH)
Batting: RHB Bryson Brinn 0-0: Ground out 6-3 (Groundball, 6, EV 85.6 MPH)
Batting: RHB Allen Stoll 0-0: Ball
1-0: Called Strike
1-1: Ground out 3-1 (Groundball, 34S, EV 88.8 MPH)
Top of the 6th over - 0 runs, 0 hits, 0 errors, 0 left on base; Winston-Salem 0 - Annapolis 3
BOTTOM OF THE 6TH
Annapolis Admirals batting - Pitching for Winston-Salem Warthogs : RHP Branden Brant
Batting: RHB Freddy Mikulski 0-0: Called Strike
0-1: Foul Ball, location: 2F
0-2: Foul Ball, location: 2F
0-2: Fly out, F9 (Flyball, 89D, EV 79.4 MPH)
Batting: RHB Neil Shoemaker 0-0: Called Strike
0-1: Swinging Strike
0-2: Ball
1-2: Strikes out looking
Batting: RHB Mason Severance 0-0: Fly out, F8 (Flyball, 8LM, EV 82.5 MPH)
Bottom of the 6th over - 0 runs, 0 hits, 0 errors, 0 left on base; Winston-Salem 0 - Annapolis 3
TOP OF THE 7TH
Winston-Salem Warthogs batting - Pitching for Annapolis Admirals : LHP Max Richardson
Batting: RHB Kyle Patri 0-0: Called Strike
0-1: Fly out, F8 (Flyball, 78D, EV 76.9 MPH)
Batting: LHB Sherman Primes 0-0: Called Strike
0-1: SINGLE (Line Drive, 34D, EV 99.4 MPH)
Batting: SHB Shaunte Panteleo 0-0: Grounds into double play, 6-4-3 (Groundball, 6, EV 88.1 MPH)
Top of the 7th over - 0 runs, 1 hit, 0 errors, 0 left on base; Winston-Salem 0 - Annapolis 3
BOTTOM OF THE 7TH
Annapolis Admirals batting - Pitching for Winston-Salem Warthogs : RHP Branden Brant
Batting: LHB Charlie Estes 0-0: Swinging Strike
0-1: Ball
1-1: Ball
2-1: Called Strike
2-2: Fly out, F6 (Popup, 6M, EV 70.6 MPH)
Batting: RHB Owen Orth 0-0: Ball
1-0: Ball
2-0: Ball
3-0: Base on Balls
Batting: RHB Antonio Boyle 0-0: Called Strike
Owen Orth steals 2nd base
0-1: Fly out, F8 (Flyball, 8LM, EV 88.8 MPH)
Batting: SHB Ulisses Schnopp 0-0: Foul Ball, location: 2F
0-1: Ball
1-1: Ball
2-1: Swinging Strike
2-2: Ball
3-2: Strikes out looking
Bottom of the 7th over - 0 runs, 0 hits, 0 errors, 1 left on base; Winston-Salem 0 - Annapolis 3
TOP OF THE 8TH
Winston-Salem Warthogs batting - Pitching for Annapolis Admirals : LHP Max Richardson
Batting: LHB Lewis O'Connor 0-0: Ball
1-0: Foul Ball, location: 2F
1-1: Ball
2-1: Ball
3-1: Swinging Strike
3-2: Foul Ball, location: 2F
3-2: Base on Balls
Batting: LHB George Tijhuis 0-0: Fly out, F8 (Flyball, 8LD, EV 90.0 MPH)
Batting: RHB Devon Abrams 0-0: Ball
1-0: Foul Ball, location: 2F
1-1: Ball
2-1: Ball
3-1: Foul Ball, location: 2F
3-2: Grounds into double play, 6-4-3 (Groundball, 6, EV 86.2 MPH)
Top of the 8th over - 0 runs, 0 hits, 0 errors, 0 left on base; Winston-Salem 0 - Annapolis 3
BOTTOM OF THE 8TH
Annapolis Admirals batting - Pitching for Winston-Salem Warthogs : RHP Branden Brant
Batting: LHB De'Mon Ferguson 0-0: Ball
1-0: Ball
2-0: Foul Ball, location: 2F
2-1: DOUBLE (Line Drive, 7LD, EV 106.2 MPH)
Batting: RHB Damian Youngs 0-0: Ball
De'Mon Ferguson steals 3rd base
1-0: Foul Ball, location: 2F
1-1: Ball
2-1: Swinging Strike
2-2: Ball
3-2: Fly out, F8 (Flyball, 8LD, EV 101.2 MPH)
Runner from 3rd tags up, SCORES, no throw by CF
Pitching: RHP Cassius Orton
Batting: RHB Freddy Mikulski 0-0: Ball
1-0: Foul Ball, location: 2F
1-1: Fly out, F9 (Flyball, 89S, EV 95.6 MPH)
Batting: RHB Neil Shoemaker 0-0: Hit by Pitch
Batting: RHB Mason Severance 0-0: Swinging Strike
0-1: Ball
1-1: Foul Ball, location: 2F
1-2: Foul Ball, location: 2F
1-2: Foul Ball, location: 2F
1-2: Strikes out swinging
Bottom of the 8th over - 1 run, 1 hit, 0 errors, 1 left on base; Winston-Salem 0 - Annapolis 4
TOP OF THE 9TH
Winston-Salem Warthogs batting - Pitching for Annapolis Admirals : LHP Max Richardson
Pitching: LHP Levi Backman
Batting: RHB Todd Abarca 0-0: Reached via error on a dropped throw from SS, E3 (Groundball, 6M, EV 87.5 MPH)
Batting: RHB Bryson Brinn 0-0: Fly out, F7 (Flyball, 7, EV 86.2 MPH)
Batting: RHB Allen Stoll 0-0: Fielders Choice at 2nd, 6-4 (Groundball, 56D, EV 108.8 MPH)
Batting: RHB Kyle Patri 0-0: Fly out, F7 (Line Drive, 7, EV 93.8 MPH)
Top of the 9th over - 0 runs, 0 hits, 1 error, 1 left on base; Winston-Salem 0 - Annapolis 4
Sunday, March 17th , 2024 - OOTP Baseball 23.10 Build 110